 Dungeon Crawl Stone Soup version 0.29-a0-495-g17b79114eb (webtiles) character file.

Game seed: 18288309670527636655

34 pokeman the Magician (level 3, 0/20 HPs)
             Began as a Deep Elf Hedge Wizard on May 27, 2022.
             Slain by a hobgoblin (1 damage)
             ... on level 3 of the Dungeon.
             The game lasted 00:02:42 (1848 turns).

pokeman the Magician (Deep Elf Hedge Wizard)        Turns: 1848, Time: 00:02:43

Health: 0/20       AC:  2    Str:  7    XL:     3   Next: 14%
Magic:  8/11       EV: 12    Int: 20    God:
Gold:   98         SH:  0    Dex: 14    Spells: 1/12 levels left

rFire   . . .      SeeInvis .   o - +4 hand axe "Wungit" {flame, Will+ Stlth+}
rCold   . . .      Faith    .   (no shield)
rNeg    . . .      Spirit   .   b - +0 robe
rPois   .          Reflect  .   c - +0 hat
rElec   .          Harm     .   (no cloak)
rCorr   .          Rampage  .   (no gloves)
Will    +....                   (no boots)
Stlth   +++.......              (no amulet)
HPRegen 0.06/turn               (no ring)
MPRegen 0.12/turn               (no ring)

@: no status effects
A: no striking features
a: no special abilities


You were on level 3 of the Dungeon.
You visited 1 branch of the dungeon, and saw 3 of its levels.

You collected 153 gold pieces.
You spent 55 gold pieces at shops.

Inventory:

Hand Weapons
 o - the +4 hand axe "Wungit" (weapon) {flame, Will+ Stlth+}
   (You found it on level 2 of the Dungeon)

   It burns those it strikes, dealing additional fire damage.
   Big, fiery blades are also staple armaments of hydra-hunters.
   Will:      It increases your willpower.
   Stlth:     It makes you more stealthy.
Armour
 b - a +0 robe (worn)
 c - a +0 hat (worn)
 l - a +0 buckler
Scrolls
 f - 4 scrolls of identify {unknown}
 g - a scroll of silence {unknown}
 k - 2 scrolls of enchant armour {unknown}
 m - a scroll of torment {unknown}
 n - a scroll of amnesia {unknown}
 p - a scroll of fog {unknown}
Potions
 a - a potion of haste {unknown}
 d - a potion of magic
 e - a potion of cancellation {unknown}
 h - a potion of might {unknown}
 i - 2 potions of brilliance {unknown}
 j - a potion of heal wounds
 q - 2 potions of curing {unknown}


   Skills:
 + Level 0.8 Fighting
 + Level 0.8 Armour
 - Level 2.4 Dodging
 - Level 2.4 Stealth
 * Level 5.1 Spellcasting
 + Level 1.7 Conjurations
 - Level 1.1 Summonings
 - Level 1.1 Translocations


You had one spell level left.
You knew the following spells:

 Your Spells              Type           Power      Damage    Failure   Level
a - Magic Dart            Conj           48%        1d5       5%          1
b - Mephitic Cloud        Conj/Pois/Air  7%         N/A       26%         3
c - Call Imp              Summ           9%         N/A       11%         2
d - Blink                 Tloc           18%        N/A       11%         2
e - Conjure Flame         Conj/Fire      8%         6-21      24%         3

Your spell library contained the following spells:

 Spells                   Type           Power      Damage    Failure   Level
 Slow                     Hex            20%        N/A       12%         1
 Inner Flame              Hex/Fire       5%         N/A       34%         3
 Cause Fear               Hex            2%         N/A       75%         4
 Discord                  Hex            2%         N/A       100%        8


Dungeon Overview and Level Annotations

Branches:
Dungeon (3/15)

Altars:

Shops:
D:1 !


Message History

The magic dart hits the kobold but does no damage.
A bat comes into view.
An endoplasm comes into view.
A jelly comes into view.
Casting: Magic Dart (safe; 5% risk of failure)
Confirm with . or Enter, or press ? or * to list all spells.
Aiming: Magic Dart (safe; 5% risk of failure)
Press: ? - help, Shift-Dir - straight line, f/p - kobold
Aim: a kobold, wielding a +0 short sword (100% to hit)
The magic dart hits the kobold.
The kobold is moderately wounded.
The endoplasm quivers.
You miss the bat. The bat closely misses you.
A hobgoblin comes into view.
You completely miss the kobold.
The kobold is moderately wounded.
The bat closely misses you. The kobold hits you but does no damage.
Unknown command.
You slash the kobold! You burn the kobold.
You kill the kobold!
The bat hits you but does no damage.
You barely miss the endoplasm. The bat misses you. The endoplasm freezes you.
You are frozen.
The endoplasm hits you but does no damage.
You hit the jelly. You burn the jelly.
Your hands burn!
The jelly is heavily wounded.
You hit the endoplasm. You burn the endoplasm. The endoplasm hits you.
The jelly hits you but does no damage.
You completely miss the jelly.
The jelly is heavily wounded.
You hit the endoplasm. You burn the endoplasm.
You kill the endoplasm!
The bat hits you. x2; The jelly closely misses you.
Unknown command.
You hit the jelly. You burn the jelly.
Your hands burn!
The jelly is severely wounded.
You closely miss the bat. The bat misses you. The jelly hits you.
You are splashed with acid.
* * * LOW HITPOINT WARNING * * *
The hobgoblin hits you.
You die...

............
...<......#
>........
#.......
#$.....
#...?.
#..gJ#
#.b.@#
######


You could see a jelly, a hobgoblin and a bat.

Vanquished Creatures
  A dart slug (D:1)
  4 ball pythons
  6 endoplasms
  2 goblins (D:2)
  A hobgoblin (D:1)
  2 quokkas (D:2)
  A bat (D:1)
  A frilled lizard (D:1)
  7 kobolds
  5 rats
30 creatures vanquished.

Notes
Turn   | Place    | Note
-------+----------+-------------------------------------------
     0 | D:1      | pokeman the Deep Elf Hedge Wizard began the quest for the
                  | Orb.
     0 | D:1      | Reached XP level 1. HP: 10/10 MP: 7/7
    21 | D:1      | Found Foempu's Distillery.
   192 | D:1      | Found a faded altar of an unknown god.
   420 | D:1      | Reached XP level 2. HP: 15/15 MP: 3/9
   860 | D:1      | Bought a potion of heal wounds for 55 gold pieces
  1318 | D:2      | Reached skill level 5 in Spellcasting
  1486 | D:2      | Identified the +4 hand axe "Wungit" {flame, Will+ Stlth+}
  1565 | D:2      | Reached XP level 3. HP: 20/20 MP: 5/11
  1569 | D:2      | Learned a level 3 spell: Mephitic Cloud
  1572 | D:2      | Learned a level 2 spell: Call Imp
  1575 | D:2      | Learned a level 2 spell: Blink
  1579 | D:2      | Learned a level 3 spell: Conjure Flame
  1848 | D:3      | HP: 1/20 [acid (6)]
  1848 | D:3      | Slain by a hobgoblin

Illustrated notes

Levels and vault maps discovered:
D:1:      dpeg_arrival_radiant, layout_basic,
          shapermc_ecumenical_altar_flowoftime, serial_shops, shop_coins
D:2:      layout_basic, minivault_27
D:3:      layout_rooms, nicolae_dithmenos_through_a_glass_darkly,
          nicolae_ru_sacrificial_ziggurat

Skill      XL: |  1  2 |
---------------+-------+-----
Spellcasting   | 5 |  5.1
Fighting       | |  0.8
Armour         | |  0.8
Dodging        | |  2.4
Stealth        | |  2.4
Conjurations   | |  1.7
Summonings     | |  1.1
Translocations | |  1.1

Action                   || total
-------------------------++-------
Melee: Hand axe          ||     7
 Cast: Magic Dart        ||    65
Armor: Robe              ||     4
Dodge: Dodged            ||     9

Table legend: (Time is in decaauts)
 A = Elapsed time spent in this place.
 B = Non-inter-level travel time spent in this place.
 C = Inter-level travel time spent in this place.
 D = Time resting spent in this place.
 E = Time spent auto-exploring this place.
 F = Levels seen in this place.
 G = Mean time per level.
                   A        B        C        D        E       F      G
               +--------+--------+--------+--------+--------+-----+--------+
         Total |   1848 |   1746 |    102 |      0 |   1557 |   3 |  616.0 |
       Dungeon |   1848 |   1746 |    102 |      0 |   1557 |   3 |  616.0 |
               +--------+--------+--------+--------+--------+-----+--------+

Top non-repeatable levels by time:
     D:1: 918 daAuts
     D:2: 917 daAuts
     D:3: 12 daAuts
